 Dungeon Crawl Stone Soup version 0.29-a0-283-ga02f740833 (webtiles) character file.

Game seed: 10165154935436362582

64 bande the Skirmisher (level 4, 0/29 HPs)
             Began as a Gargoyle Fighter on Mar 14, 2022.
             Slain by a gnoll
             ... wielding a +0 whip
              (2 damage)
             ... on level 2 of the Dungeon.
             The game lasted 00:02:41 (1587 turns).

bande the Skirmisher (Gargoyle Fighter)             Turns: 1587, Time: 00:02:42

Health: 0/29       AC: 10    Str: 19    XL:     4   Next: 12%
Magic:  4/4        EV:  9    Int:  9    God:
Gold:   42         SH:  5    Dex: 11    Spells: 3/3 levels left

rFire   . . .      SeeInvis .   a - +0 war axe
rCold   . . .      Faith    .   c - +1 buckler
rNeg    + . .      Spirit   .   b - +0 scale mail
rPois   ∞          Reflect  .   (no helmet)
rElec   +          Harm     .   (no cloak)
rCorr   .          Rampage  .   (no gloves)
Will    .....                   (no boots)
Stlth   ..........              e - amulet of regeneration
HPRegen 0.89/turn               (no ring)
MPRegen 0.09/turn               (no ring)

@: no status effects
A: sickness immunity, AC +3, negative energy resistance 1, electricity
resistance, torment resistance 1, petrification resistance
a: no special abilities


You were on level 2 of the Dungeon.
You visited 1 branch of the dungeon, and saw 2 of its levels.

You collected 42 gold pieces.

Inventory:

Hand Weapons
 a - a +0 war axe (weapon)
Armour
 b - a +0 scale mail (worn)
 c - a +1 buckler (worn)
Jewellery
 e - an amulet of regeneration (around neck)
Wands
 l - a wand of acid (20)
Scrolls
 f - a scroll of noise {unknown}
 j - a scroll of brand weapon {unknown}
 k - a scroll of teleportation {unknown}
 n - a scroll of enchant armour
Potions
 d - a potion of might
 g - 2 potions of haste
 h - a potion of mutation {unknown}
 i - a potion of magic {unknown}
 m - a potion of degeneration {unknown}


   Skills:
 + Level 4.0 Fighting
 + Level 2.7 Axes
 + Level 3.7 Armour
 + Level 3.6 Shields


You had 3 spell levels left.
You didn't know any spells.
Your spell library contained the following spells:

 Spells                   Type           Power      Damage    Failure   Level
 Ensorcelled Hibernation  Hex/Ice        0%         N/A       93%         2
 Passwall                 Tmut/Erth      0%         N/A       93%         2
 Swiftness                Air            0%         N/A       99%         3


Dungeon Overview and Level Annotations

Branches:
Dungeon (2/15)

Altars:


Innate Abilities, Weirdness & Mutations

You are immune to sickness and miasma.
Your stone body is resilient. (AC +3)
You are immune to poison.
You resist negative energy. (rN+)
You are resistant to electric shocks. (rElec)
You are resistant to unholy torment.
You are immune to petrification.


Message History

You barely miss the gnoll.
The gnoll is lightly wounded.
You barely miss the gnoll. The gnoll hits you with a +0 whip.
The gnoll barely misses you. The gnoll hits you but does no damage.
You block the gnoll's attack. The gnoll hits you with a +0 flail.
You completely miss the gnoll.
The gnoll is heavily wounded.
You hit the gnoll. You barely miss the gnoll.
The gnoll hits you with a +0 whip. The gnoll hits you with a +0 flail.
The gnoll closely misses you.
You hit the gnoll but do no damage.
The gnoll is heavily wounded.
You closely miss the gnoll. You hit the gnoll. You block the gnoll's attack.
The gnoll barely misses you. The gnoll hits you with a +0 flail.
The gnoll hits you but does no damage. x2; The gnoll barely misses you.
You are too injured to fight recklessly!
You are too injured to fight recklessly!
You are too injured to fight recklessly!
You are too injured to fight recklessly!
You are too injured to fight recklessly!
You are too injured to fight recklessly!
You are too injured to fight recklessly!
You are too injured to fight recklessly!
You are too injured to fight recklessly!
You are too injured to fight recklessly!
You are too injured to fight recklessly!
You are too injured to fight recklessly!
Unknown command.
You completely miss the gnoll.
The gnoll is moderately wounded.
You barely miss the gnoll. You hit the gnoll but do no damage.
The gnoll hits you with a +0 whip. The gnoll hits you with a +0 flail!
* * * LOW HITPOINT WARNING * * *
The gnoll closely misses you.
You slash the gnoll!
The gnoll is almost dead.
You hit the gnoll. You slash the gnoll!
You kill the gnoll!
The gnoll hits you with a +0 whip.
You die...

#.# ##..)†.#....
##.###........... ####
###............#### #..
................## ##.##
#..###.###.#.#.# #...#
#..###.....#.#.#
###...#######............#.##
##.(.........)g.....##.####.##
#........###.@g#######.# #...
#........###(####### #.# ####
#.##...............###.# # #.
#....####...........# ..
###†.# #.#####.##### #.#
#..####.# #.#
#.#####.......#####.###
#.##.....###..........#
#.##.##### #..#####.#.## #


You could see 2 gnolls.

Vanquished Creatures
  A gnoll (D:2)
  An adder (D:2)
  A worm (D:2)
  A dart slug (D:2)
  6 endoplasms
  2 giant cockroaches
  6 hobgoblins
  3 jackals (D:1)
  4 quokkas
  3 ball pythons
  4 bats
  2 frilled lizards
  4 goblins
  3 kobolds
  8 rats
49 creatures vanquished.

Notes
Turn   | Place    | Note
-------+----------+-------------------------------------------
     0 | D:1      | bande the Gargoyle Fighter began the quest for the Orb.
     0 | D:1      | Reached XP level 1. HP: 14/14 MP: 1/1
   101 | D:1      | Found a faded altar of an unknown god.
   222 | D:1      | Reached XP level 2. HP: 17/19 MP: 2/2
   839 | D:1      | Reached XP level 3. HP: 23/23 MP: 3/3
  1456 | D:2      | Reached XP level 4. HP: 29/29 MP: 4/4
  1509 | D:2      | Reached skill level 4 in Fighting
  1586 | D:2      | HP: 1/29 [gnoll/+0 flail (8)]
  1587 | D:2      | Slain by a gnoll

Illustrated notes

Levels and vault maps discovered:
D:1:      sevenhm_arrival_forest_fort_large_2, layout_basic,
          ebering_ecumenical_altar_mist
D:2:      layout_loops_ring, patterned_corridor

Skill      XL: |  1  2  3  4 |
---------------+-------------+-----
Axes           | 2 |  2.7
Fighting       | 4 |  4.0
Armour         | |  3.7
Shields        | |  3.6

Action                   |  1- 3 |  4- 6 || total
-------------------------+-------+-------++-------
Melee: War axe           |   109 |    15 ||   124
  Use: Scroll            |     4 |       ||     4
Armor: Scale mail        |    54 |     4 ||    58
Dodge: Dodged            |    53 |    11 ||    64
Block: Buckler           |    26 |     2 ||    28

Table legend: (Time is in decaauts)
 A = Elapsed time spent in this place.
 B = Non-inter-level travel time spent in this place.
 C = Inter-level travel time spent in this place.
 D = Time resting spent in this place.
 E = Time spent auto-exploring this place.
 F = Levels seen in this place.
 G = Mean time per level.
                   A        B        C        D        E       F      G
               +--------+--------+--------+--------+--------+-----+--------+
         Total |   1638 |   1605 |     33 |      0 |   1228 |   2 |  819.0 |
       Dungeon |   1638 |   1605 |     33 |      0 |   1228 |   2 |  819.0 |
               +--------+--------+--------+--------+--------+-----+--------+

Top non-repeatable levels by time:
     D:1: 999 daAuts
     D:2: 639 daAuts
